TOP OF THE 1ST |
Pensacola Blue Wahoos batting - Pitching for Mobile BayBears : RHP Chad Toms
|
Pitching: RHP Chad Toms
|
|
Batting: RHB Jon Marquez
|
0-0: Called Strike 0-1: Foul Ball, location: 2F 0-2: Ball 1-2: Foul Ball, location: 2F 1-2: Ball 2-2: Strikes out looking
|
Batting: RHB Colin Lord
|
0-0: Ball 1-0: Fly out, F8 (Flyball, 78D, EV 96.2 MPH)
|
Batting: SHB Kristian Kristensen
|
0-0: Foul Ball, location: 2F 0-1: Reached on error, E3 (Groundball, 3, EV 106.2 MPH)
|
Batting: LHB Steven Wamble
|
0-0: Fly out, F5 (Popup, 15, EV 78.8 MPH)
|
Top of the 1st over - 0 runs, 0 hits, 1 error, 1 left on base; Pensacola 0 - Mobile 0 |
BOTTOM OF THE 1ST |
Mobile BayBears batting - Pitching for Pensacola Blue Wahoos : RHP Matt Moffat
|
Pitching: RHP Matt Moffat
|
|
Batting: LHB Josh Gottlieb
|
0-0: Foul Ball, location: 2F 0-1: SINGLE (Line Drive, 34, EV 110.0 MPH)
|
Batting: RHB Dave Vargas
|
0-0: Fly out, F7 (Flyball, 7LM, EV 94.4 MPH)
|
Batting: LHB Bobby Arevalo
|
0-0: Ball Josh Gottlieb is caught stealing 2nd base 2-6 1-0: Called Strike 1-1: Foul Ball, location: 2F 1-2: Foul Ball, location: 2F 1-2: Ball 2-2: Ball 3-2: Foul Ball, location: 2F 3-2: Reached on error, E2 (Groundball, 13S, EV 68.1 MPH)
|
Batting: RHB Shane Smith
|
0-0: Called Strike 0-1: Ball Bobby Arevalo steals 2nd base 1-1: SINGLE (Line Drive, 8RS, EV 105.6 MPH) Bobby Arevalo to third Runner from 3rd tries for Home, throw by CF and OUT! 8-2
|
Bottom of the 1st over - 0 runs, 2 hits, 1 error, 1 left on base; Pensacola 0 - Mobile 0 |
TOP OF THE 2ND |
Pensacola Blue Wahoos batting - Pitching for Mobile BayBears : RHP Chad Toms
|
Batting: RHB Danny Real
|
0-0: Ball 1-0: Called Strike 1-1: Fly out, F8 (Flyball, 89M, EV 83.1 MPH)
|
Batting: LHB Curt Johnson
|
0-0: Foul Ball, location: 2F 0-1: SOLO HOME RUN (Line Drive, 7LD, EV 96.9 MPH), Distance : 359 ft
|
Batting: LHB Akira Yamano
|
0-0: Foul Ball, location: 2F 0-1: Ball 1-1: Foul Ball, location: 2F 1-2: Ball 2-2: SINGLE (Groundball, 34S, EV 71.9 MPH) (infield hit)
|
Batting: RHB Reilly Hawkins
|
0-0: SINGLE (Line Drive, 6MD, EV 100.0 MPH) Akira Yamano to second
|
Batting: RHB Bill Hainey
|
0-0: Ball 1-0: Ball 2-0: Ball 3-0: Called Strike 3-1: Fly out, F9 (Flyball, 9LS, EV 88.1 MPH)
|
Batting: RHB Jon Marquez
|
0-0: Ball 1-0: Called Strike 1-1: Ball 2-1: Ball 3-1: Base on Balls Akira Yamano to third Reilly Hawkins to second
|
Batting: RHB Colin Lord
|
0-0: Ball 1-0: Fielders Choice at 2nd, U4 (Groundball, 4M, EV 88.8 MPH)
|
Top of the 2nd over - 1 run, 3 hits, 0 errors, 3 left on base; Pensacola 1 - Mobile 0 |
BOTTOM OF THE 2ND |
Mobile BayBears batting - Pitching for Pensacola Blue Wahoos : RHP Matt Moffat
|
Batting: LHB Josh Kirk
|
0-0: Ball 1-0: Foul Ball, location: 2F 1-1: Foul Ball, location: 2F 1-2: Ball 2-2: Foul Ball, location: 2F 2-2: SINGLE (Flyball, 8LS, EV 91.9 MPH)
|
Batting: RHB Toichiro Fujimoto
|
0-0: Called Strike 0-1: Ball 1-1: Foul Ball, location: 2F 1-2: Foul Ball, location: 2F 1-2: Foul Ball, location: 2F 1-2: Ball 2-2: Ball 3-2: Ground out 4-3 (Groundball, 4D, EV 91.9 MPH) Josh Kirk to second
|
Batting: RHB Andy Schuett
|
0-0: Ball Wild Pitch! Josh Kirk to third 1-0: Ball 2-0: Called Strike 2-1: Ball 3-1: Foul Ball, location: 2F 3-2: Strikes out swinging
|
Batting: RHB Scott Carr
|
0-0: Called Strike 0-1: Fly out, F4 (Line Drive, 4, EV 70.0 MPH)
|
Bottom of the 2nd over - 0 runs, 1 hit, 0 errors, 1 left on base; Pensacola 1 - Mobile 0 |
TOP OF THE 3RD |
Pensacola Blue Wahoos batting - Pitching for Mobile BayBears : RHP Chad Toms
|
Batting: SHB Kristian Kristensen
|
0-0: Foul Ball, location: 2F 0-1: SOLO HOME RUN (Flyball, 78XD, EV 107.5 MPH), Distance : 420 ft
|
Batting: LHB Steven Wamble
|
0-0: Ball 1-0: Ball 2-0: Ball 3-0: Fly out, F7 (Flyball, 78M, EV 82.5 MPH)
|
Batting: RHB Danny Real
|
0-0: Ball 1-0: Ground out 6-3 (Groundball, 6S, EV 68.8 MPH)
|
Batting: LHB Curt Johnson
|
0-0: Swinging Strike 0-1: Called Strike 0-2: Ball 1-2: SOLO HOME RUN (Flyball, 9LD, EV 92.5 MPH), Distance : 329 ft
|
Batting: LHB Akira Yamano
|
0-0: Swinging Strike 0-1: Ball 1-1: Called Strike 1-2: Fly out, F8 (Line Drive, 8LD, EV 88.8 MPH)
|
Top of the 3rd over - 2 runs, 2 hits, 0 errors, 0 left on base; Pensacola 3 - Mobile 0 |
BOTTOM OF THE 3RD |
Mobile BayBears batting - Pitching for Pensacola Blue Wahoos : RHP Matt Moffat
|
Batting: LHB J.D. Onorati
|
0-0: Called Strike 0-1: Ball 1-1: Swinging Strike 1-2: Ball 2-2: Ball 3-2: Foul Ball, location: 2F 3-2: Strikes out swinging
|
Batting: LHB Josh Gottlieb
|
0-0: Swinging Strike 0-1: Ball 1-1: Foul Ball, location: 2F 1-2: Strikes out swinging
|
Batting: RHB Dave Vargas
|
0-0: Called Strike 0-1: Ball 1-1: Ball 2-1: Fly out, F9 (Flyball, 9LS, EV 97.5 MPH)
|
Bottom of the 3rd over - 0 runs, 0 hits, 0 errors, 0 left on base; Pensacola 3 - Mobile 0 |
TOP OF THE 4TH |
Pensacola Blue Wahoos batting - Pitching for Mobile BayBears : RHP Chad Toms
|
Batting: RHB Reilly Hawkins
|
0-0: Ball 1-0: Foul Ball, location: 2F 1-1: Ball 2-1: Swinging Strike 2-2: Strikes out looking
|
Batting: RHB Bill Hainey
|
0-0: Ball 1-0: Ball 2-0: Foul Ball, location: 2F 2-1: Ball 3-1: Foul Ball, location: 2F 3-2: Ground out 6-3 (Groundball, 56D, EV 111.2 MPH)
|
Batting: RHB Jon Marquez
|
0-0: Called Strike 0-1: Ball 1-1: Ball 2-1: Foul Ball, location: 2F 2-2: Strikes out swinging, 2-3 out at first.
|
Top of the 4th over - 0 runs, 0 hits, 0 errors, 0 left on base; Pensacola 3 - Mobile 0 |
BOTTOM OF THE 4TH |
Mobile BayBears batting - Pitching for Pensacola Blue Wahoos : RHP Matt Moffat
|
Batting: LHB Bobby Arevalo
|
0-0: Called Strike 0-1: Foul Ball, location: 2F 0-2: Foul Ball, location: 2F 0-2: Hit by Pitch
|
Batting: RHB Shane Smith
|
0-0: Ball Bobby Arevalo steals 2nd base (no throw) 1-0: Foul Ball, location: 2F 1-1: Swinging Strike 1-2: DOUBLE (Flyball, 8RXD, EV 91.2 MPH) Bobby Arevalo scores
|
Batting: LHB Josh Kirk
|
0-0: Called Strike 0-1: Ball 1-1: Foul Ball, location: 2F 1-2: Ball 2-2: Foul Ball, location: 2F 2-2: Foul Ball, location: 2F 2-2: Ball 3-2: Strikes out looking
|
Batting: RHB Toichiro Fujimoto
|
0-0: Ball 1-0: Called Strike 1-1: Ball 2-1: Ball 3-1: Ground out 4-3 (Groundball, 4S, EV 86.2 MPH) Shane Smith to third
|
Batting: RHB Andy Schuett
|
0-0: Fly out, F7 (Line Drive, 7LM, EV 103.8 MPH)
|
Bottom of the 4th over - 1 run, 1 hit, 0 errors, 1 left on base; Pensacola 3 - Mobile 1 |
TOP OF THE 5TH |
Pensacola Blue Wahoos batting - Pitching for Mobile BayBears : RHP Chad Toms
|
Batting: RHB Colin Lord
|
0-0: Ball 1-0: Foul Ball, location: 2F 1-1: Ball 2-1: SINGLE (Groundball, 34D, EV 102.5 MPH)
|
Batting: SHB Kristian Kristensen
|
0-0: Ball 1-0: Called Strike 1-1: Fly out, F9 (Flyball, 9D, EV 89.4 MPH)
|
Batting: LHB Steven Wamble
|
0-0: Ball 1-0: Ball 2-0: Called Strike 2-1: Ball 3-1: Base on Balls Colin Lord to second
|
Batting: RHB Danny Real
|
0-0: Ball 1-0: Called Strike 1-1: Ball 2-1: Foul Ball, location: 2F 2-2: Foul Ball, location: 2F 2-2: Strikes out swinging
|
Batting: LHB Curt Johnson
|
0-0: Ground out 6-3 (Groundball, 6S, EV 85.0 MPH)
|
Top of the 5th over - 0 runs, 1 hit, 0 errors, 2 left on base; Pensacola 3 - Mobile 1 |
BOTTOM OF THE 5TH |
Mobile BayBears batting - Pitching for Pensacola Blue Wahoos : RHP Matt Moffat
|
Batting: RHB Scott Carr
|
0-0: Ball 1-0: Ball 2-0: Ball 3-0: Called Strike 3-1: Ground out 4-3 (Groundball, 4, EV 84.4 MPH)
|
Batting: LHB J.D. Onorati
|
0-0: Swinging Strike 0-1: SINGLE (Line Drive, 56D, EV 96.9 MPH)
|
Batting: LHB Josh Gottlieb
|
0-0: Called Strike 0-1: Ball 1-1: Foul Ball, location: 2F 1-2: Ball 2-2: Foul Ball, location: 2F 2-2: Fielders Choice at 2nd, 4-6 (Groundball, 34, EV 100.6 MPH)
|
Batting: RHB Dave Vargas
|
0-0: Called Strike 0-1: Foul Ball, location: 2F 0-2: Ball Josh Gottlieb steals 2nd, throwing error, E2 Josh Gottlieb to third 1-2: Strikes out swinging
|
Bottom of the 5th over - 0 runs, 1 hit, 1 error, 1 left on base; Pensacola 3 - Mobile 1 |
TOP OF THE 6TH |
Pensacola Blue Wahoos batting - Pitching for Mobile BayBears : RHP Chad Toms
|
Batting: LHB Akira Yamano
|
0-0: Ball 1-0: Ball 2-0: Fly out, F9 (Flyball, 89S, EV 90.0 MPH)
|
Batting: RHB Reilly Hawkins
|
0-0: Foul Ball, location: 2F 0-1: Ball 1-1: Ball 2-1: Ball 3-1: Swinging Strike 3-2: Fly out, F8 (Flyball, 8RS, EV 71.2 MPH)
|
Batting: RHB Bill Hainey
|
0-0: Ball 1-0: Ball 2-0: Ball 3-0: Foul Ball, location: 2F 3-1: Called Strike 3-2: Strikes out looking
|
Top of the 6th over - 0 runs, 0 hits, 0 errors, 0 left on base; Pensacola 3 - Mobile 1 |
BOTTOM OF THE 6TH |
Mobile BayBears batting - Pitching for Pensacola Blue Wahoos : RHP Matt Moffat
|
Batting: LHB Bobby Arevalo
|
0-0: Swinging Strike 0-1: Ball 1-1: Ball 2-1: Ball 3-1: Called Strike 3-2: Foul Ball, location: 2F 3-2: Foul Ball, location: 2F 3-2: SOLO HOME RUN (Flyball, 9D, EV 108.8 MPH), Distance : 385 ft
|
Batting: RHB Shane Smith
|
0-0: Ball 1-0: Foul Ball, location: 2F 1-1: Swinging Strike 1-2: Strikes out swinging
|
Pitching: RHP Kevin Nabity
|
|
Batting: LHB Josh Kirk
|
0-0: Ground out 6-3 (Groundball, 6M, EV 85.0 MPH)
|
Batting: RHB Toichiro Fujimoto
|
0-0: Ground out 4-3 (Groundball, 4, EV 93.8 MPH)
|
Bottom of the 6th over - 1 run, 1 hit, 0 errors, 0 left on base; Pensacola 3 - Mobile 2 |
TOP OF THE 7TH |
Pensacola Blue Wahoos batting - Pitching for Mobile BayBears : RHP Chad Toms
|
Pitching: RHP Rich Garces
|
|
Batting: RHB Jon Marquez
|
0-0: Foul Ball, location: 2F 0-1: Ball 1-1: Ball 2-1: DOUBLE (Line Drive, 9LS, EV 110.0 MPH)
|
Batting: RHB Colin Lord
|
0-0: Bunted foul 0-1: Ball 1-1: Ball 2-1: Bunt missed! 2-2: Strikes out swinging
|
Batting: SHB Kristian Kristensen
|
0-0: Intentional Walk
|
Batting: LHB Steven Wamble
|
0-0: Called Strike 0-1: Swinging Strike 0-2: Fly out, F8 (Flyball, 78S, EV 75.6 MPH)
|
Batting: RHB Danny Real
|
0-0: Called Strike 0-1: Ball 1-1: Ball 2-1: Called Strike 2-2: Ball 3-2: Strikes out swinging
|
Top of the 7th over - 0 runs, 1 hit, 0 errors, 2 left on base; Pensacola 3 - Mobile 2 |
BOTTOM OF THE 7TH |
Mobile BayBears batting - Pitching for Pensacola Blue Wahoos : RHP Kevin Nabity
|
Batting: RHB Andy Schuett
|
0-0: Foul Ball, location: 2F 0-1: SINGLE (Line Drive, 56D, EV 103.8 MPH)
|
Batting: RHB Scott Carr
|
0-0: Ball Wild Pitch! Andy Schuett to second 1-0: Foul Ball, location: 2F 1-1: Ball 2-1: Ground out 1-3 (Groundball, P, EV 70.6 MPH) Andy Schuett to third
|
Batting: LHB J.D. Onorati
|
0-0: Swinging Strike 0-1: Ball 1-1: Foul Ball, location: 2F 1-2: Ball 2-2: Ball 3-2: Ground out 3-1 (Groundball, 3, EV 98.1 MPH)
|
Batting: LHB Josh Gottlieb
|
0-0: Fly out, F7 (Flyball, 7LD, EV 102.5 MPH)
|
Bottom of the 7th over - 0 runs, 1 hit, 0 errors, 1 left on base; Pensacola 3 - Mobile 2 |
TOP OF THE 8TH |
Pensacola Blue Wahoos batting - Pitching for Mobile BayBears : RHP Rich Garces
|
Pitching: RHP Jose Fernandez
|
|
Batting: LHB Curt Johnson
|
0-0: Ball 1-0: Ball 2-0: Called Strike 2-1: Called Strike 2-2: Foul Ball, location: 2F 2-2: Foul Ball, location: 2F 2-2: Ball 3-2: Foul Ball, location: 2F 3-2: Base on Balls
|
Batting: LHB Akira Yamano
|
0-0: Ball 1-0: Ball 2-0: Swinging Strike 2-1: Grounds into double play, 4-6-3 (Groundball, 4, EV 88.8 MPH)
|
Batting: RHB Reilly Hawkins
|
0-0: Swinging Strike 0-1: Swinging Strike 0-2: Ball 1-2: Ball 2-2: Ball 3-2: Strikes out swinging
|
Top of the 8th over - 0 runs, 0 hits, 0 errors, 0 left on base; Pensacola 3 - Mobile 2 |
BOTTOM OF THE 8TH |
Mobile BayBears batting - Pitching for Pensacola Blue Wahoos : RHP Kevin Nabity
|
Batting: RHB Dave Vargas
|
0-0: Ground out 6-3 (Groundball, 6, EV 81.9 MPH)
|
Pitching: LHP Brian Whittall
|
|
Batting: LHB Bobby Arevalo
|
0-0: Called Strike 0-1: Swinging Strike 0-2: Strikes out swinging
|
Batting: RHB Shane Smith
|
0-0: Called Strike 0-1: Ball 1-1: Foul Ball, location: 2F 1-2: Strikes out swinging
|
Bottom of the 8th over - 0 runs, 0 hits, 0 errors, 0 left on base; Pensacola 3 - Mobile 2 |
TOP OF THE 9TH |
Pensacola Blue Wahoos batting - Pitching for Mobile BayBears : RHP Jose Fernandez
|
Pitching: RHP Mike Cain
|
|
Batting: RHB Bill Hainey
|
0-0: Called Strike 0-1: Ball 1-1: Ball 2-1: Swinging Strike 2-2: Strikes out looking
|
Batting: RHB Jon Marquez
|
0-0: Foul Ball, location: 2F 0-1: SINGLE (Groundball, 56S, EV 74.4 MPH) (infield hit)
|
Batting: RHB Colin Lord
|
0-0: Ball Jon Marquez is caught stealing 2nd base 2-4 1-0: Foul Ball, location: 2F 1-1: SINGLE (Groundball, 25, EV 75.0 MPH) (infield hit)
|
Batting: SHB Kristian Kristensen
|
0-0: Called Strike Colin Lord steals 2nd base 0-1: Ball 1-1: Intentional Walk
|
Batting: LHB Steven Wamble
|
0-0: Ball 1-0: Ball 2-0: SINGLE (Groundball, 13, EV 91.2 MPH) (infield hit) Colin Lord to third Kristian Kristensen to second
|
Batting: RHB Danny Real
|
0-0: Called Strike 0-1: Ground out 5-3 (Groundball, 56S, EV 86.9 MPH)
|
Top of the 9th over - 0 runs, 3 hits, 0 errors, 3 left on base; Pensacola 3 - Mobile 2 |
BOTTOM OF THE 9TH |
Mobile BayBears batting - Pitching for Pensacola Blue Wahoos : LHP Brian Whittall
|
Pitching: RHP Manuel Avitia
|
|
Batting: LHB Josh Kirk
|
0-0: Ball 1-0: Ball 2-0: Called Strike 2-1: Foul Ball, location: 2F 2-2: Foul Ball, location: 2F 2-2: Ball 3-2: Base on Balls
|
Batting: RHB Toichiro Fujimoto
|
0-0: Ball 1-0: Sac Bunt to 13 - play at first, batter OUT! 1-4 Josh Kirk to second
|
Batting: RHB Andy Schuett
|
0-0: Foul Ball, location: 2F 0-1: Ball 1-1: Swinging Strike 1-2: Foul Ball, location: 2F 1-2: Strikes out swinging
|
Batting: RHB Scott Carr
|
0-0: Foul Ball, location: 2F 0-1: Called Strike 0-2: Ground out 6-3 (Groundball, 6, EV 96.9 MPH)
|
Bottom of the 9th over - 0 runs, 0 hits, 0 errors, 1 left on base; Pensacola 3 - Mobile 2 |
|